 Dungeon Crawl Stone Soup version 0.21.1-1-g345015f (webtiles) character file.

60 inc the Magician (level 4, 4/27 HPs)
             Began as an Octopode Earth Elementalist on Apr 21, 2018.
             Quit the game on level 2 of the Dungeon.
             The game lasted 00:01:57 (2391 turns).

inc the Magician (Octopode Earth Elementalist)      Turns: 2391, Time: 00:01:58

Health: 4/27       AC:  1    Str:  7    XL:     4   Next: 6%
Magic:  1/9        EV: 13    Int: 18    God:
Gold:   77         SH:  0    Dex: 12    Spells: 9/10 levels left

rFire    . . .     SeeInvis .   (no weapon)
rCold    . . .     Gourm    .   (no shield)
rNeg     . . .     Faith    .   (helmet restricted)
rPois    .         Spirit   .   (no amulet)
rElec    .         Reflect  .   (no ring)
rCorr    .         Harm     .   (no ring)
MR       .....                  (no ring)
Stlth    +++.......             (no ring)
HPRegen  0.09/turn              (no ring)
MPRegen  0.11/turn              (no ring)
                                (no ring)
                                (no ring)

@: no status effects
A: almost no armour, stealthy swim, amphibious, 8 rings, constrict 8, camouflage
1, gelatinous body 1
a: no special abilities


You were on level 2 of the Dungeon.
You were hungry.

You visited 1 branch of the dungeon, and saw 2 of its levels.

You collected 77 gold pieces.

Inventory:

Missiles
 b - 91 stones (quivered)
Jewellery
 a - an uncursed ring of protection from fire {unknown}
Scrolls
 e - a scroll of teleportation {unknown}
 g - 2 scrolls of identify {unknown}
 h - a scroll of blinking {unknown}
 i - a scroll of immolation {unknown}
 j - a scroll of magic mapping {unknown}
Potions
 f - a potion of curing
 k - a potion of might {unknown}
Books
 d - a book of Geomancy

   Spells                             Type                      Level
   a - Sandblast                      Earth                        1
   b - Passwall                       Transmutation/Earth          2
   c - Stone Arrow                    Conjuration/Earth            3
   d - Petrify                        Transmutation/Earth          4
   e - Lee's Rapid Deconstruction     Earth                        5
Comestibles
 c - 4 rations


   Skills:
 - Level 2.0 Dodging
 - Level 2.6 Stealth
 + Level 3.9 Spellcasting
   Level 1.0 Transmutations
 - Level 3.0 Earth Magic


You had 9 spell levels left.
You knew the following spells:

 Your Spells              Type           Power        Failure   Level  Hunger
a - Sandblast             Erth           ##....       4%          1    None


Dungeon Overview and Level Annotations

Branches:
Dungeon (2/15)

Altars:

Annotations:
D:2 Terence


Innate Abilities, Weirdness & Mutations

You cannot wear most types of armour.
You are very stealthy in the water. (Stealth+)
You are amphibious.
You can wear up to eight rings at the same time.
You can use your tentacles to constrict eight enemies at once.
Your skin changes colour to match your surroundings (Stealth+).
Your rubbery body absorbs attacks. (AC +1, EV +1)


Message History

Terence hits you with a short sword.
* * * LOW HITPOINT WARNING * * *
Casting: Sandblast
Confirm with . or Enter, or press ? or * to list all spells.
Aiming: Sandblast
Press: ? - help, Shift-Dir - straight line, f/p - Terence
Aim: Terence, wielding a short sword and wearing a chain mail (heavily wounded, constricted by you)
The blast of sand hits Terence.
Terence is heavily wounded.
b - 91 stones You constrict Terence.
Terence bares his teeth.
Terence hits you with a short sword.
* * * LOW HITPOINT WARNING * * *
Casting: Sandblast
Confirm with . or Enter, or press ? or * to list all spells.
You don't have enough magic to cast that spell.
Unknown command.
You release your grip on Terence.
Are you sure you want to abandon this character and quit the game? (Confirm with "yes".)

#.## #########.# #.)# #.#
#.# #.# #.# #.#
#####.##### #.#
#.........# #.#
#.#######.# #.# #.# #@#
#.# #.# #@# #.# #.# #.#
#.# #.# #.# #.#
#.#######.# #.#
#.#.....#.# #####.#
#...###...##########.....#
###.# #...........##.#####
####.###.###....##.##.#
#........# #.##.##.##>#


You could see Terence.

Vanquished Creatures
  3 adders (D:2)
  A worm (D:2)
  5 bats
  3 giant cockroaches
  4 goblins (D:1)
  4 hobgoblins
  3 jackals (D:1)
  2 frilled lizards (D:1)
  2 kobolds
  3 rats
30 creatures vanquished.

Notes
Turn   | Place    | Note
-------+----------+-------------------------------------------
     0 | D:1      | inc the Octopode Earth Elementalist began the quest for the Orb.
     0 | D:1      | Reached XP level 1. HP: 11/11 MP: 3/3
   349 | D:1      | Reached XP level 2. HP: 14/17 MP: 5/5
  1388 | D:2      | Reached XP level 3. HP: 11/21 MP: 7/7
  2340 | D:2      | Reached XP level 4. HP: 27/27 MP: 9/9
  2360 | D:2      | Noticed Terence
  2391 | D:2      | Quit the game

Skill      XL: |  1  2 |
---------------+-------+-----
Spellcasting   | 3 |  3.9
Dodging        | |  2.0
Stealth        | |  2.6
Transmutations | |  1.0
Earth Magic    | |  3.0

Action                   |  1- 3 |  4- 6 || total
-------------------------+-------+-------++-------
Melee: Unarmed           |   130 |    13 ||   143
       Constrict         |    35 |     2 ||    37
       Tentacles         |    19 |     2 ||    21
 Cast: Sandblast         |       |    10 ||    10
  Use: Potion            |     2 |       ||     2
 Stab: Sleeping          |    10 |       ||    10
  Eat: Chunk             |     4 |       ||     4
Armor: Skin              |    13 |     1 ||    14
Dodge: Dodged            |   100 |    13 ||   113
